 Dungeon Crawl Stone Soup version 0.32-a0-913-g739538afd8 (webtiles) character file.

Game seed: 3903118338193504196

20 Autsider the Digger (level 2, 0/15 HPs)
             Began as a Gargoyle Earth Elementalist on Apr 9, 2024.
             Engulfed by a cloud of flame (15 damage)
             ... on level 1 of the Dungeon.
             The game lasted 00:02:48 (1008 turns).

Autsider the Digger (Gargoyle Earth Elementalist)   Turns: 1008, Time: 00:02:48

Health: 0/15       AC:  4    Str: 11    XL:     2   Next: 79%
Magic:  5/5        EV: 11    Int: 21    God:
Gold:   80         SH:  0    Dex: 10    Spells: 4/5 levels left

rFire   . . .        d - +0 mace
rCold   . . .        (no shield)
rNeg    + . .        a - +0 robe
rPois   ∞            (no helmet)
rElec   +            (no cloak)
rCorr   .            (no gloves)
SInv    .            (no boots)
Will    .....        (no amulet)
Stlth   ++           h - +6 ring of intelligence
HPRegen 0.22/turn    (no ring)
MPRegen 0.09/turn

%: no passive effects
@: no status effects
A: sickness immunity, AC +2, negative energy resistance 1, electricity
resistance, torment resistance 1, petrification resistance
a: no special abilities


You were on level 1 of the Dungeon.
You visited 1 branch of the dungeon, and saw 2 of its levels.

You collected 80 gold pieces.

Inventory:

Hand Weapons
 d - a +0 mace (weapon)
Armour
 a - a +0 robe (worn)
Jewellery
 h - a +6 ring of intelligence (left hand)
Talismans
 i - a maw talisman
Scrolls
 c - a scroll of identify {unknown}
 f - a scroll of revelation {unknown}
Potions
 b - a potion of magic
 e - 2 potions of curing {unknown}
 g - a potion of brilliance {unknown}


   Skills:
 - Level 1.5 Dodging
 - Level 2.1 Stealth
 - Level 2.0 Spellcasting
 + Level 1.8 Conjurations
 * Level 4.4 Earth Magic


You had 4 spell levels left.
You knew the following spells:

 Your Spells              Type           Power      Damage    Failure   Level
a - Sandblast             Erth           40%        2d10      2%          1

Your spell library contained the following spells:

 Spells                   Type           Power      Damage    Failure   Level
 Passwall                 Erth           20%        N/A       7%          3
 Stone Arrow              Conj/Erth      30%        3d8       12%         3
 Brom's Barrelling Bould  Conj/Erth      15%        2d4       36%         4
 Petrify                  Alch/Erth      11%        N/A       52%         4


Dungeon Overview and Level Annotations

Branches:
Dungeon (2/15)

Altars:


Innate Abilities, Weirdness & Mutations

You are immune to sickness and miasma.
Your stone body is resilient. (AC +2)
You are immune to poison.
You resist negative energy. (rN+)
You are resistant to electric shocks. (rElec)
You are resistant to unholy torment.
You are immune to petrification.


Message History

You hit the frilled lizard but do no damage.
The frilled lizard barely misses you. The frilled lizard misses you.
You closely miss the frilled lizard. The frilled lizard misses you.
You miss the frilled lizard. The frilled lizard closely misses you.
The frilled lizard barely misses you.
You closely miss the frilled lizard. The frilled lizard closely misses you.
You hit the frilled lizard.
You kill the frilled lizard!
No target in view!
No target in view!
No target in view!
There is a stone staircase leading down here.
You see here a ball python corpse.
Found a leather armour.
Found a chain mail.
An endoplasm comes into view.
The blast of sand hits the endoplasm.
The endoplasm is severely wounded.
The endoplasm quivers.
The blast of sand hits the endoplasm!
You kill the endoplasm!
h - a +6 ring of intelligence You feel clever.
h - a +6 ring of intelligence (left hand)
Items here: ( ) [ ÷.
Partly explored, can't reach some items and places.
You see here a maw talisman.
i - a maw talisman Partly explored, can't reach some items and places.
Partly explored, can't reach some items and places.
Search for what [? for help]? .
There is a stone staircase leading down here.
You climb downwards.
There is a stone staircase leading up here.
You climb upwards.
There is a stone staircase leading down here.
You see here a rat skeleton.
You are engulfed in blazing flames.
Ouch! That really hurt!
You die...

#§.§# #.........#
###########...#####..######.. ##
#......☼§§.:...§§§.#.# #.# .#
#.###..§§§.$...§§§...# #.#
.####.####.°........§§...# #.#
..........#####...######## #.#
#####.##### #§☼○# ### #.. #.....#
#§§§# #.# ### ####### #○@☼#
#.#######.. ###### ####...#
###.......#.# .....#
#####..##..###....####.#..
.....###.......##...........#.#..
.÷.................÷.............
.....##.####..###...........#.##.
.....##.####......###....####.##.
#######.##......### #.........##.
#.##.#...## #...########.


There were no monsters in sight!

Vanquished Creatures
  A dart slug (D:1)
  A ball python (D:1)
  An endoplasm (D:1)
  A giant cockroach (D:1)
  3 hobgoblins (D:1)
  3 jackals (D:1)
  A frilled lizard (D:1)
  2 kobolds (D:1)
  4 rats (D:1)
17 creatures vanquished.

Vanquished Creatures (others)
  A hobgoblin (D:1)
1 creature vanquished.

Grand Total: 18 creatures vanquished

Notes
Turn   | Place    | Note
-------+----------+-------------------------------------------
     0 | D:1      | Autsider the Gargoyle Earth Elementalist began the quest
                  | for the Orb.
     0 | D:1      | Reached XP level 1. HP: 10/10 MP: 3/3
   161 | D:1      | Reached skill level 4 in Earth Magic
   175 | D:1      | Reached XP level 2. HP: 15/15 MP: 0/5
  1008 | D:1      | Engulfed by a cloud of flame

Illustrated notes

Levels and vault maps discovered:
D:1:      lightli_iron_boxes, layout_loops_cross, lemuel_flame_loot_1
D:2:      layout_basic, uniq_sigmund

Skill      XL: |  1 |
---------------+----+-----
Earth Magic    | 4 |  4.4
Dodging        | |  1.5
Stealth        | |  2.1
Spellcasting   | |  2.0
Conjurations   | |  1.8

Action                     || total
---------------------------++-------
  Melee: Unarmed           ||     6
         Mace              ||    27
   Cast: Sandblast         ||    15
   Stab: Sleeping          ||     2
 Armour: Robe              ||    19
  Dodge: Dodged            ||    25

Table legend: (Time is in decaauts)
 A = Elapsed time spent in this place.
 B = Non-inter-level travel time spent in this place.
 C = Inter-level travel time spent in this place.
 D = Time resting spent in this place.
 E = Time spent auto-exploring this place.
 F = Levels seen in this place.
 G = Mean time per level.
                   A        B        C        D        E       F      G
               +--------+--------+--------+--------+--------+-----+--------+
         Total |   1025 |    951 |     74 |      6 |    788 |   2 |  512.5 |
       Dungeon |   1025 |    951 |     74 |      6 |    788 |   2 |  512.5 |
               +--------+--------+--------+--------+--------+-----+--------+

Top non-repeatable levels by time:
     D:1: 1023 daAuts
     D:2: 1 daAuts
